 Dungeon Crawl Stone Soup version 0.30-a0-782-ge64f9170bb (webtiles) character file.

Game seed: 3210582660452091410

757 JumpingJurisdiction the Ducker (level 8, -3/50 HPs)
             Began as a Djinni Fire Elementalist on Feb 18, 2023.
             Was a Believer of Okawaru.
             Slain by a gnoll sergeant
             ... wielding a +0 spear
              (11 damage)
             ... on level 7 of the Dungeon.
             The game lasted 00:41:18 (3857 turns).

JumpingJurisdiction the Ducker (DjFE)               Turns: 3857, Time: 00:41:19

Health: -3/50      AC:  4    Str: 15    XL:     8   Next: 7%
Gold:   173        EV: 19    Int: 16    God:    Okawaru [**....] SH:  0 Dex: 15

rFire   + + .      SeeInvis .    r - +2 quarterstaff (chaos)
rCold   x . .      Faith    .    (shield currently unavailable)
rNeg    . . .      Spirit   +    a - +0 robe
rPois   ∞          Reflect  .    v - +0 helmet
rElec   .          Harm     .    s - +0 cloak
rCorr   .          Rampage  .    (no gloves)
Will    .....                    (boots unavailable)
Stlth   +++                      x - amulet of guardian spirit
HPRegen 0.28/turn                l - +5 ring of evasion
MPRegen 0.00/turn                q - +6 ring of strength

@: flying
A: sickness immunity, fire resistance 2, cold vulnerability 1, float, innate
caster, HP casting, extra vitality 1
a: Renounce Religion, Heroism


You were on level 7 of the Dungeon.
You worshipped Okawaru.
Okawaru was pleased with you.
You visited 1 branch of the dungeon, and saw 7 of its levels.

You collected 173 gold pieces.

Inventory:

Hand Weapons
 b - a +0 club
 d - a +0 dagger
 e - a +0 short sword
 m - a +0 dagger of venom
 r - a +2 quarterstaff of chaos (weapon)
 t - a +0 hammer
 u - a +0 halberd
 y - a +2 dagger of distortion
 C - a +0 vampiric dagger
 D - a +0 flail
 J - the +4 dagger of the Imperium {antimagic, rElec rPois rF+ Int+3}
   (You found it on level 7 of the Dungeon)

   Int:       It affects your intelligence (+3).
   rF:        It protects you from fire.
   rElec:     It insulates you from electricity.
   rPois:     It protects you from poison.
 K - a +0 shortbow
Armour
 a - a +0 robe (worn)
 s - a +0 cloak (worn)
 v - a +0 helmet (worn)
 I - a +0 buckler
Jewellery
 l - a +5 ring of evasion (left hand)
 q - a +6 ring of strength (right hand)
 x - an amulet of guardian spirit (around neck)
 z - a ring of ice
 F - an amulet of guardian spirit
 G - a +6 ring of dexterity
 H - the ring of the Quiescent God {Str+2 SInv}
   (You found it on level 6 of the Dungeon)

   [ring of see invisible]

   Str:       It affects your strength (+2).
   SInv:      It lets you see invisible.
Wands
 p - a wand of light (5)
Scrolls
 c - 9 scrolls of identify
 f - a scroll of silence
 g - 2 scrolls of torment
 k - a scroll of teleportation
 A - a scroll of fear {unknown}
 B - a scroll of immolation {unknown}
Potions
 h - a potion of brilliance {unknown}
 i - 2 potions of might {unknown}
 j - 4 potions of curing {unknown}
 n - a potion of flight {unknown}
 o - a potion of mutation {unknown}
 w - a potion of magic {unknown}
 E - a potion of lignification {unknown}


   Skills:
 + Level 5.6 Dodging
 + Level 4.6 Stealth
 + Level 4.3 Spellcasting


You couldn't memorise any spells.
You knew the following spells:

 Your Spells              Type           Power      Damage    Failure   Level
a - Foxfire               Conj/Fire      68%        2x1d7     2%          1
b - Scorch                Fire           34%        2d6       4%          2
c - Kindle Blastsparks    Fire/Tloc/Air  34%        2d12      9%          3
d - Inner Flame           Hex/Fire       17%        N/A       9%          3
e - Flame Wave            Conj/Fire      17%        2d7       26%         4
f - Beastly Appendage     Tmut           34%        N/A       2%          1
g - Poisonous Vapours     Pois/Air       34%        N/A       4%          2
h - Lesser Beckoning      Tloc           34%        N/A       4%          2
Your spell library was empty.

Dungeon Overview and Level Annotations

Branches:
Dungeon (7/15)
 Temple: D:4-7

Altars:
Elyvilon
Okawaru


Innate Abilities, Weirdness & Mutations

You are immune to sickness and miasma.
You are immune to poison.
Your flesh is very heat resistant. (rF++)
You are vulnerable to cold. (rC-)
You float through the air rather than walking.
You learn spells naturally, not from books.
Your magical power is your life essence.
You have superior vitality. (+4 MHP)


Message History

The gnoll sergeant hits you from afar with a +0 spear!
Casting: Foxfire (safe; 2% risk of failure)
Confirm with . or Enter, or press ? or * to list all spells.
You conjure some foxfire!
The foxfire hits the gnoll sergeant but does no damage.
The gnoll sergeant is heavily wounded.
The foxfire hits the gnoll sergeant.
The gnoll sergeant is severely wounded.
The gnoll sergeant hits you from afar with a +0 spear!
The gnoll throws a throwing net.
The throwing net misses you.
The throwing net closely misses your foxfire.
The gnoll misses you.
Casting: Foxfire (safe; 2% risk of failure)
Confirm with . or Enter, or press ? or * to list all spells.
You conjure some foxfire!
The foxfire hits the gnoll sergeant.
The gnoll sergeant is almost dead.
The foxfire hits the gnoll sergeant but does no damage.
The gnoll sergeant is almost dead.
The gnoll sergeant hits you from afar with a +0 spear.
* * * LOW HITPOINT WARNING * * *
The gnoll misses you.
Casting: Foxfire (safe; 2% risk of failure)
Confirm with . or Enter, or press ? or * to list all spells.
You conjure some foxfire!
* * * LOW HITPOINT WARNING * * *
The foxfire hits the gnoll.
The gnoll is lightly wounded.
The foxfire hits the gnoll sergeant but does no damage.
The gnoll sergeant is almost dead.
The gnoll sergeant hits you from afar with a +0 spear.
* * * LOW HITPOINT WARNING * * *
The gnoll misses you.
The gnoll throws a throwing net.
The throwing net closely misses you.
The throwing net closely misses your foxfire.
The foxfire hits the gnoll sergeant.
The gnoll sergeant is almost dead.
The foxfire hits the gnoll sergeant but does no damage.
The gnoll sergeant is almost dead.
The gnoll sergeant hits you from afar with a +0 spear!
You die...

######## #..........
#......## #.......... .
##.......# ##.........
..#........## #.........
#..........#####........
.#.......................
............8...8.8.8....
#....g..................
##...g.@§.(.(.#......###
##..gg)§§.....#...####
#....g.§............
...).)..........######
...)............#
...............##
..............##
.####....##### ####.#


You could see a gnoll sergeant and 4 gnolls.

Vanquished Creatures
  An ice beast (D:5)
  A centaur (D:7)
  A bullfrog (D:6)
  A necrophage (D:7)
  Crazy Yiuf (D:3)
  A hound (D:6)
  3 orc priests
  A jelly (D:7)
  Ijyb (D:3)
  An iguana (D:4)
  4 orc wizards
  3 adders
  4 gnolls (D:2)
  A worm (D:2)
  4 orcs
  7 ball pythons
  6 bats
  4 endoplasms
  3 giant cockroaches
  6 goblins
  3 hobgoblins
  3 jackals (D:2)
  2 quokkas
  8 kobolds
  6 rats
76 creatures vanquished.

Vanquished Creatures (others)
  322 foxfires
322 creatures vanquished.

Grand Total: 398 creatures vanquished

Notes
Turn   | Place    | Note
-------+----------+-------------------------------------------
     0 | D:1      | JumpingJurisdiction the Djinni Fire Elementalist began the
                  | quest for the Orb.
     0 | D:1      | JumpingJurisdiction set off with the following spells
                  | memorised: Foxfire, Scorch, Kindle Blastsparks, Inner
                  | Flame, Flame Wave.
     0 | D:1      | Reached XP level 1. HP: 15/15 MP: 0/0
    27 | D:1      | You are sucked into a shaft and drop 1 floor!
   126 | D:2      | Reached XP level 2. HP: 19/21 MP: 0/0
   131 | D:2      | Reached XP level 3. HP: 20/25 MP: 0/0
   131 | D:2      | Learned a level 1 spell: Beastly Appendage
   409 | D:1      | Reached skill level 3 in Dodging
  1053 | D:1      | Reached XP level 4. HP: 29/31 MP: 0/0
  1433 | D:2      | Found a faded altar of an unknown god.
  1458 | D:2      | Prayed at the altar of an unknown god.
  1458 | D:2      | Became a worshipper of Warmaster Okawaru
  1458 | D:2      | Reached * piety under Okawaru
  1515 | D:3      | Found a white marble altar of Elyvilon.
  1520 | D:3      | Noticed Ijyb
  1533 | D:3      | Killed Ijyb
  1694 | D:3      | Reached XP level 5. HP: 34/35 MP: 0/0
  1694 | D:3      | Learned a level 2 spell: Poisonous Vapours
  1696 | D:3      | Found a runed translucent door.
  1697 | D:3      | Noticed Crazy Yiuf
  1718 | D:3      | Killed Crazy Yiuf
  2757 | D:4      | Reached skill level 4 in Dodging
  2757 | D:4      | Reached XP level 6. HP: 37/40 MP: 0/0
  2899 | D:5      | Entered Level 5 of the Dungeon
  2900 | D:5      | Noticed an ice beast
  2913 | D:5      | Killed an ice beast
  2913 | D:5      | Reached ** piety under Okawaru
  3199 | D:6      | Identified the ring of the Quiescent God {Str+2 SInv}
  3242 | D:6      | Reached XP level 7. HP: 36/45 MP: 0/0
  3242 | D:6      | Learned a level 2 spell: Lesser Beckoning
  3300 | D:6      | Reached skill level 5 in Dodging
  3488 | D:7      | Identified the +4 dagger of the Imperium {antimagic, rElec
                  | rPois rF+ Int+3}
  3590 | D:7      | Reached XP level 8. HP: 31/50 MP: 0/0
  3857 | D:7      | Slain by a gnoll sergeant

Illustrated notes

Levels and vault maps discovered:
D:1:      zelgadis_glass_arrival_small, layout_basic
D:2:      layout_rooms, hellmonk_ecumenical_altar_dog_temple,
          kennysheep_generic_room_12
D:3:      layout_loops_corners, elyvilon_altar_5, kennysheep_generic_room_16,
          uniq_crazy_yiuf_cottage, uniq_terence, uniq_ijyb
D:4:      layout_layer_cave, uniq_sigmund
D:5:      layout_basic, old_standard_altar, grunt_ministairs_12,
          hangedman_decor_lopped, st_stairs_2
D:6:      layout_loops_corners, temple_doors_e, doesnt_shop_hydraphobe,
          uniq_maggie
D:7:      layout_cave_pods, chequers_temple_overflow_statue_of_worship,
          serial_column_ruins, column_ruins_open_tiny, column_ruins_grid_1,
          column_ruins_grid_3, column_ruins_columns_straight,
          column_ruins_grid_1

Skill      XL: |  1  2  3  4  5  6  7 |
---------------+----------------------+-----
Stealth        | 2 3 4 |  4.6
Dodging        | 3 4 5 |  5.6
Spellcasting   | 3 4 |  4.3

Action                     |  1- 3 |  4- 6 |  7- 9 || total
---------------------------+-------+-------+-------++-------
  Melee: Short sword       |     1 |       |       ||     1
         Dagger            |       |     6 |       ||     6
         Quarterstaff      |       |    16 |    19 ||    35
   Cast: Foxfire           |    64 |    89 |    46 ||   199
         Poisonous Vapours |       |     1 |       ||     1
    Use: Scroll            |       |     3 |     1 ||     4
   Stab: Sleeping          |       |     4 |       ||     4
 Armour: Robe              |     7 |     9 |     6 ||    22
  Dodge: Dodged            |    18 |    66 |    24 ||   108

Table legend: (Time is in decaauts)
 A = Elapsed time spent in this place.
 B = Non-inter-level travel time spent in this place.
 C = Inter-level travel time spent in this place.
 D = Time resting spent in this place.
 E = Time spent auto-exploring this place.
 F = Levels seen in this place.
 G = Mean time per level.
                   A        B        C        D        E       F      G
               +--------+--------+--------+--------+--------+-----+--------+
         Total |   3867 |   1850 |   2017 |   1147 |      0 |   7 |  552.4 |
       Dungeon |   3867 |   1850 |   2017 |   1147 |      0 |   7 |  552.4 |
               +--------+--------+--------+--------+--------+-----+--------+

Top non-repeatable levels by time:
     D:2: 1068 daAuts
     D:1: 1010 daAuts
     D:3: 673 daAuts
     D:7: 457 daAuts
     D:6: 282 daAuts
     D:5: 224 daAuts
     D:4: 150 daAuts
